 Dungeon Sprint DCSS version 0.22.0-21-g8bd1b0a (webtiles) character file.

14000000 poirepourri the Middleweight Champion (level 27, -42/199 HPs)
             Began as a Gargoyle Gladiator on Aug 19, 2018.
             Was the Champion of Makhleb.
             Annihilated by a fleshlord
             ... wielding a +9 great mace
              (56 damage)
             ... in the Dungeon (Sprint VIII: "Arena of Blood").
             The game lasted 00:02:33 (140 turns).

poirepourri the Middleweight Champion (GrGl)         Turns: 140, Time: 00:02:33

Health: -42/199    AC: 29    Str: 21    XL:     27
Magic:  49/54      EV: 34    Int: 10    God:    Makhleb [******]
Gold:   0          SH:  0    Dex: 20    Spells: 80/80 levels left

rFire    . . .     SeeInvis .   k - +∞ Axe of Woe
rCold    . . .     Gourm    .   (shield currently unavailable)
rNeg     + . .     Faith    .   a - +0 leather armour
rPois    ∞         Spirit   .   b - +0 helmet
rElec    +         Reflect  .   (no cloak)
rCorr    .         Harm     .   (no gloves)
MR       ++...     NoTele   +   (no boots)
Stlth    +++++++++.             (no amulet)
HPRegen  0.43/turn              (no ring)
MPRegen  0.34/turn              (no ring)

@: slowed, very slow
A: big wings, negative energy resistance 1, electricity resistance, unbreathing,
petrification resistance, rot immunity, AC +20
a: Fly, Minor Destruction, Lesser Servant of Makhleb, Major Destruction, Greater
Servant of Makhleb, Renounce Religion


You were in the Dungeon.
You worshipped Makhleb.
Makhleb was exalted by your worship.
You were not hungry.

You visited 1 branch

Inventory:

Hand Weapons
 k - the +∞ Axe of Woe (weapon)
   (You found it in the Dungeon)
Missiles
 c - 3 throwing nets (quivered)
Armour
 a - a +0 leather armour (worn)
 b - a +0 helmet (worn)
Scrolls
 j - a scroll of blinking
Potions
 e - a potion of curing
 f - a potion of heal wounds
 g - a potion of haste
 h - 2 potions of magic
 i - a potion of berserk rage
Comestibles
 d - a ration


   Skills:
 O Level 27 Fighting
 O Level 27 Axes
 O Level 27 Throwing
 O Level 27 Armour
 O Level 27 Dodging
 O Level 27 Stealth
 O Level 27 Unarmed Combat
 O Level 27 Spellcasting
 O Level 27 Invocations


You had 80 spell levels left.
You didn't know any spells.
Your spell library was empty.

Dungeon Overview and Level Annotations

Branches:
Dungeon (1/1)

Altars:
Makhleb


Innate Abilities, Weirdness & Mutations

You are resistant to torment.
Your stone body is resilient. (AC +20)
You are immune to poison.
Your large and strong wings let you fly indefinitely.
You resist negative energy. (rN+)
You are resistant to electric shocks. (rElec)
You can survive without breathing.
You are immune to petrification.
You are immune to rotting.


Message History

You slice the crawling corpse!!
You cleave the crawling corpse in twain.
You destroy the crawling corpse!
You hear a shout! x2; You feel something staring at you.
A fireball appears from out of thin air!
The fireball explodes!
The fireball engulfs you!
You hear a shout! x3
A bag of meat comes into view. It is wielding a +9 war axe.
The fleshlord gestures wildly while chanting.
The fleshlord seems to speed up.
You hear a shout!
You feel something staring at you.
A fireball appears from out of thin air!
The fireball explodes!
The fireball engulfs you!
* * * LOW HITPOINT WARNING * * *
The fireball engulfs the fleshlord.
The fleshlord completely resists.
The fireball engulfs the fleshlord.
The fleshlord completely resists.
You hear a shout! x2
A dread comes into view.
The fleshlord hits you with a +9 great mace!!!
You die...

...D... ..o.D ..
#.S.. .# o. #.2.
..# o..###.W.
..###.
.......{###M.....
#....§W§z_..Wo..
. #))))o# ...
#_@p)x# .
...op#p))..#....
#..OoO.)O_.o..D..
2.o.O.p)###......
.Sz###... ..###.
p. #... ..# #....
.# ..... 22
.......


You could see an accursed, a meat beast, an eight-headed meat hydra, 2 scourges,
3 fleshlords, 2 sculptors of flesh, 3 dreads, 3 meat berserkers, a small
abomination and 4 bags of meat.

Vanquished Creatures
  5 hell knights (D)
  7 hell beasts (D)
  Edmund (D)
  5 greater mummies (D)
  6 great orbs of eyes (D)
  5 wraiths (D)
  Harold (D)
  12 vampire knights (D)
  34 ogres (D)
  3 two-headed ogres (D)
  3 liches (D)
  4 hydras (D)
  56 orcs (D)
  4 phantoms (D)
  7 skeletal warriors (D)
  A sea snake (D)
  9 large abominations (D)
  7 small abominations (D)
  12 crawling corpses (D)
182 creatures vanquished.

Vanquished Creatures (others)
  2 crawling corpses (D)
2 creatures vanquished.

Grand Total: 184 creatures vanquished

Notes
Turn   | Place    | Note
-------+----------+-------------------------------------------
     0 | D        | Found the +∞ Axe of Woe
     0 | D        | poirepourri the Gargoyle Gladiator began the quest for the Orb.
     0 | D        | Reached XP level 1. HP: 12/12 MP: 1/1
     4 | D        | Became a worshipper of Makhleb the Destroyer
     4 | D        | Noticed a bag of meat
     6 | D        | Killed a bag of meat
     6 | D        | Reached skill level 10 in Fighting
     6 | D        | Reached skill level 15 in Dodging
     6 | D        | Reached XP level 2. HP: 28/28 MP: 2/2
     6 | D        | Reached XP level 3. HP: 33/33 MP: 3/3
     6 | D        | Reached XP level 4. HP: 39/39 MP: 4/4
     6 | D        | Reached XP level 5. HP: 43/43 MP: 5/5
     6 | D        | Reached XP level 6. HP: 48/48 MP: 6/6
     6 | D        | Reached XP level 7. HP: 53/53 MP: 7/7
     6 | D        | Reached XP level 8. HP: 59/59 MP: 8/8
     6 | D        | Reached XP level 9. HP: 63/63 MP: 9/9
     6 | D        | Reached XP level 10. HP: 68/68 MP: 10/10
     6 | D        | Reached XP level 11. HP: 73/73 MP: 11/11
     6 | D        | Reached XP level 12. HP: 79/79 MP: 12/12
     6 | D        | Noticed a bag of meat
     6 | D        | Noticed a bag of meat
     8 | D        | Killed a bag of meat
     8 | D        | Reached * piety under Makhleb
     8 | D        | Reached skill level 5 in Axes
     8 | D        | Reached XP level 13. HP: 86/86 MP: 13/13
     8 | D        | Noticed a bag of meat
     9 | D        | Killed a bag of meat
     9 | D        | Gained mutation: Your large and strong wings let you fly indefinitely. [Gargoyle growth]
     9 | D        | Reached XP level 14. HP: 94/94 MP: 14/14
     9 | D        | Killed a bag of meat
     9 | D        | Noticed a bag of meat
     9 | D        | Noticed a bag of meat
    10 | D        | Noticed a meat berserker
    12 | D        | Noticed a bag of meat
    12 | D        | Noticed a bag of meat
    15 | D        | Killed a meat berserker
    15 | D        | Reached ** piety under Makhleb
    15 | D        | Reached skill level 15 in Fighting
    15 | D        | Reached XP level 15. HP: 103/103 MP: 15/15
    16 | D        | Reached XP level 16. HP: 110/110 MP: 16/16
    16 | D        | Noticed a meat berserker
    17 | D        | Reached skill level 15 in Throwing
    17 | D        | Reached *** piety under Makhleb
    17 | D        | Reached skill level 27 in Unarmed Combat
    18 | D        | Reached XP level 17. HP: 120/120 MP: 17/17
    18 | D        | Killed a meat berserker
    18 | D        | Reached **** piety under Makhleb
    18 | D        | Reached XP level 18. HP: 131/131 MP: 18/18
    22 | D        | Noticed a meat berserker
    25 | D        | Noticed a destroyer
    25 | D        | Noticed a large bag of meat
    25 | D        | Noticed a meat berserker
    26 | D        | Noticed a meat berserker
    26 | D        | Killed a destroyer
    26 | D        | Reached skill level 27 in Dodging
    26 | D        | Reached XP level 19. HP: 144/144 MP: 19/19
    26 | D        | Killed a meat berserker
    26 | D        | Reached ***** piety under Makhleb
    26 | D        | Reached skill level 27 in Axes
    26 | D        | Noticed a meat berserker
    26 | D        | Noticed an eight-headed meat hydra
    28 | D        | Noticed a sculptor of flesh
    29 | D        | Reached skill level 27 in Fighting
    29 | D        | Reached skill level 10 in Armour
    31 | D        | Killed a meat berserker
    31 | D        | Reached skill level 27 in Throwing
    31 | D        | Reached XP level 20. HP: 157/157 MP: 20/20
    32 | D        | Killed a meat berserker
    34 | D        | Killed a meat berserker
    35 | D        | Reached skill level 27 in Armour
    35 | D        | Reached XP level 21. HP: 163/163 MP: 21/21
    37 | D        | Killed a nine-headed meat hydra
    37 | D        | Reached skill level 10 in Stealth
    37 | D        | Noticed a meat berserker
    39 | D        | Reached ****** piety under Makhleb
    39 | D        | Reached skill level 10 in Spellcasting
    40 | D        | Noticed a large bag of meat
    41 | D        | Noticed a meat berserker
    41 | D        | Noticed a destroyer
    42 | D        | Killed a large bag of meat
    42 | D        | Reached skill level 15 in Spellcasting
    43 | D        | Noticed a meat berserker
    44 | D        | Killed a meat berserker
    44 | D        | Reached XP level 22. HP: 146/169 MP: 22/43
    44 | D        | Killed a destroyer
    44 | D        | Reached skill level 27 in Stealth
    45 | D        | Noticed an accursed
    48 | D        | Killed a large bag of meat
    48 | D        | Reached skill level 27 in Spellcasting
    48 | D        | Reached skill level 27 in Invocations
    48 | D        | Reached XP level 23. HP: 175/175 MP: 23/54
    50 | D        | Killed an accursed
    50 | D        | Reached XP level 24. HP: 141/181 MP: 23/54
    56 | D        | Reached XP level 25. HP: 187/187 MP: 25/54
    56 | D        | Noticed a meat beast
    57 | D        | Noticed a dread
    59 | D        | Killed a meat beast
    59 | D        | Reached XP level 26. HP: 193/193 MP: 26/54
    60 | D        | Noticed a dread
    65 | D        | Noticed a dread
    66 | D        | Reached XP level 27. HP: 199/199 MP: 28/54
    67 | D        | Noticed a meat beast
    68 | D        | Noticed an accursed
    69 | D        | Noticed a destroyer
    70 | D        | Killed a meat beast
    71 | D        | Killed a dread
    71 | D        | Noticed a destroyer
    71 | D        | Noticed a meat beast
    73 | D        | Killed a destroyer
    74 | D        | Killed a dread
    75 | D        | Killed a destroyer
    77 | D        | Killed a meat beast
    78 | D        | Noticed a large bag of meat
    79 | D        | Killed a dread
    80 | D        | Noticed a destroyer
    81 | D        | Killed an accursed
    82 | D        | Noticed a meat beast
    83 | D        | Noticed a destroyer
    83 | D        | Noticed a destroyer
    85 | D        | Killed a large bag of meat
    88 | D        | Noticed a destroyer
    88 | D        | Noticed a destroyer
    89 | D        | Killed a destroyer
    89 | D        | Noticed The Servant
    90 | D        | Killed a destroyer
    90 | D        | Noticed a meat beast
    91 | D        | Killed a meat beast
    91 | D        | Noticed a destroyer
    92 | D        | Killed a destroyer
    93 | D        | Killed a meat beast
    93 | D        | Noticed a dread
    95 | D        | Noticed an accursed
    96 | D        | Killed a destroyer
    96 | D        | Killed a destroyer
    96 | D        | Noticed an accursed
    97 | D        | Noticed a destroyer
    99 | D        | Noticed a destroyer
   100 | D        | Noticed a tyrant
   103 | D        | Killed an accursed
   104 | D        | Noticed a meat beast
   104 | D        | Killed a destroyer
   105 | D        | Killed a destroyer
   109 | D        | Killed a tyrant
   110 | D        | Killed a destroyer
   111 | D        | Killed an accursed
   111 | D        | Noticed a meat beast
   111 | D        | Noticed a meat beast
   113 | D        | Killed The Servant
   113 | D        | Noticed an accursed
   117 | D        | Killed a meat beast
   117 | D        | Noticed a dread
   120 | D        | Killed a dread
   122 | D        | Noticed a fleshlord
   122 | D        | Noticed a fleshlord
   125 | D        | Noticed a fleshlord
   127 | D        | Killed a fleshlord
   127 | D        | Killed a fleshlord
   127 | D        | Killed a dread
   127 | D        | Noticed The Defiler
   127 | D        | Noticed a fleshlord
   128 | D        | Noticed a tyrant
   129 | D        | Killed a fleshlord
   129 | D        | Noticed a fleshlord
   129 | D        | Noticed a fleshlord
   129 | D        | Noticed a meat beast
   130 | D        | Noticed a dread
   131 | D        | Noticed a tyrant
   132 | D        | Killed a fleshlord
   133 | D        | Killed a tyrant
   134 | D        | Killed The Defiler
   134 | D        | Killed a fleshlord
   134 | D        | Noticed a dread
   136 | D        | Killed an accursed
   137 | D        | Noticed a fleshlord
   138 | D        | Noticed a fleshlord
   139 | D        | Killed a meat beast
   139 | D        | Noticed an accursed
   139 | D        | Noticed a fleshlord
   139 | D        | Noticed a destroyer
   140 | D        | Killed a tyrant
   140 | D        | Noticed a dread
   140 | D        | Annihilated by a fleshlord

Skill      XL: |  1  2  3  4  5  6  7  8  9 10 11 12 13 14 15 16 17 18 19 20 21 22 |
---------------+-------------------------------------------------------------------+-----
Fighting       | 10 12 13 15 16 18 20 24 27 | 27.0
Axes           | 3 5 6 11 12 16 19 25 27 | 27.0
Throwing       | 9 11 13 14 16 17 19 27 | 27.0
Dodging        | 15 17 18 21 24 26 27 | 27.0
Unarmed Combat | 17 20 21 24 25 27 | 27.0
Armour         | 2 3 7 14 27 | 27.0
Stealth        | 22 27 | 27.0
Spellcasting   | 17 27 | 27.0
Invocations    | 20 27 | 27.0

Action                   |  1- 3 |  4- 6 |  7- 9 | 10-12 | 13-15 | 16-18 | 19-21 | 22-24 | 25-27 || total
-------------------------+-------+-------+-------+-------+-------+-------+-------+-------+-------++-------
Melee: Executioner's axe |     1 |       |       |     1 |     3 |     3 |    11 |     9 |    67 ||    95
Armor: Leather armour    |       |       |       |       |       |     1 |       |     2 |    10 ||    13
Dodge: Dodged            |       |       |       |       |       |     2 |       |       |     9 ||    11
